TOP OF THE 1ST |
Baltimore Orioles batting - Pitching for Houston Astros : RHP Moises Hernandez Jr.
|
Pitching: RHP Moises Hernandez Jr.
|
|
Batting: SHB Cesar Herrera
|
0-0: Ball 1-0: Foul Ball, location: 2F 1-1: Hit by Pitch
|
Batting: LHB Brad Pepin
|
0-0: Ball 1-0: Called Strike 1-1: Foul Ball, location: 2F 1-2: Ball 2-2: Ball 3-2: Foul Ball, location: 2F 3-2: Foul Ball, location: 2F 3-2: Base on Balls Cesar Herrera to second
|
Batting: SHB Jason Hayes
|
0-0: Swinging Strike 0-1: Ball 1-1: Foul Ball, location: 2F 1-2: Ball 2-2: Strikes out swinging
|
Batting: RHB Vince Jackson
|
0-0: Called Strike 0-1: SINGLE (Flyball, 34D, EV 98.1 MPH) Cesar Herrera to third Brad Pepin to second
|
Batting: SHB Robert Handy
|
0-0: Swinging Strike 0-1: Swinging Strike 0-2: Strikes out swinging
|
Batting: RHB Alex Rodriguez Jr.
|
0-0: Ball 1-0: Called Strike 1-1: Ball 2-1: Ground out 3-1 (Groundball, 34, EV 86.2 MPH)
|
Top of the 1st over - 0 runs, 1 hit, 0 errors, 3 left on base; Baltimore 0 - Houston 0 |
BOTTOM OF THE 1ST |
Houston Astros batting - Pitching for Baltimore Orioles : LHP Randy Johnson Jr.
|
Pitching: LHP Randy Johnson Jr.
|
|
Batting: RHB Jesse Scott
|
0-0: Ball 1-0: Ball 2-0: Ball 3-0: Called Strike 3-1: Foul Ball, location: 2F 3-2: Base on Balls
|
Batting: RHB Jeremy Trump
|
0-0: Called Strike 0-1: Foul Ball, location: 2F 0-2: Foul Ball, location: 2F 0-2: Foul Ball, location: 2F 0-2: Ball 1-2: Foul Ball, location: 2F 1-2: Foul Ball, location: 2F 1-2: Ball 2-2: Strikes out swinging
|
Batting: SHB Jason Woods
|
0-0: Fly out, F8 (Flyball, 8LXD, EV 88.1 MPH)
|
Batting: RHB Eric Chotkowski
|
0-0: Called Strike 0-1: Called Strike 0-2: Strikes out swinging
|
Bottom of the 1st over - 0 runs, 0 hits, 0 errors, 1 left on base; Baltimore 0 - Houston 0 |
TOP OF THE 2ND |
Baltimore Orioles batting - Pitching for Houston Astros : RHP Moises Hernandez Jr.
|
Batting: RHB Marc Peckermark
|
0-0: Ground out U3 (Groundball, 34S, EV 85.0 MPH)
|
Batting: RHB Tenshou Takita
|
0-0: Foul Ball, location: 2F 0-1: Ball 1-1: Ball 2-1: Ball 3-1: Foul Ball, location: 2F 3-2: Strikes out swinging
|
Batting: RHB Muneer Maudad
|
0-0: Ball 1-0: Called Strike 1-1: Ground out U3 (Groundball, 34S, EV 87.5 MPH)
|
Top of the 2nd over - 0 runs, 0 hits, 0 errors, 0 left on base; Baltimore 0 - Houston 0 |
BOTTOM OF THE 2ND |
Houston Astros batting - Pitching for Baltimore Orioles : LHP Randy Johnson Jr.
|
Batting: LHB Eric Katz
|
0-0: Ball 1-0: Called Strike 1-1: Ball 2-1: DOUBLE (Groundball, 3L, EV 108.1 MPH)
|
Batting: LHB Jack Christie
|
0-0: Ground out 4-3 (Groundball, 4, EV 80.6 MPH) Eric Katz to third
|
Batting: LHB Bryce Hill
|
0-0: Ball 1-0: SINGLE (Groundball, 6D, EV 103.1 MPH) Eric Katz scores
|
Batting: RHB Danny Merrill
|
0-0: Ball 1-0: Ball 2-0: Ball 3-0: Base on Balls Bryce Hill to second
|
Batting: LHB Jimmy Edlin
|
0-0: Called Strike 0-1: Foul Ball, location: 2F 0-2: Foul Ball, location: 2F 0-2: Foul Ball, location: 2F 0-2: Ball 1-2: Ball 2-2: Ball 3-2: Foul Ball, location: 2F 3-2: Strikes out looking
|
Batting: RHB Jesse Scott
|
0-0: Ball 1-0: Swinging Strike 1-1: Called Strike 1-2: Foul Ball, location: 2F 1-2: Ball 2-2: 3-RUN HOME RUN (Flyball, 78XD, EV 107.5 MPH), Distance : 426 ft
|
Batting: RHB Jeremy Trump
|
0-0: SINGLE (Line Drive, 34D, EV 98.1 MPH)
|
Batting: SHB Jason Woods
|
0-0: Ball 1-0: Called Strike 1-1: Ball 2-1: Fly out, F7 (Flyball, 78M, EV 65.0 MPH)
|
Bottom of the 2nd over - 4 runs, 4 hits, 0 errors, 1 left on base; Baltimore 0 - Houston 4 |
TOP OF THE 3RD |
Baltimore Orioles batting - Pitching for Houston Astros : RHP Moises Hernandez Jr.
|
Batting: SHB Cesar Herrera
|
0-0: Ball 1-0: Foul Ball, location: 2F 1-1: SINGLE (Groundball, 34D, EV 82.5 MPH) (infield hit)
|
Batting: LHB Brad Pepin
|
0-0: Foul Ball, location: 2F 0-1: Foul Ball, location: 2F 0-2: Strikes out looking
|
Batting: SHB Jason Hayes
|
0-0: Ball 1-0: Fly out, F7 (Line Drive, 7D, EV 99.4 MPH)
|
Batting: RHB Vince Jackson
|
0-0: Ball 1-0: SINGLE (Flyball, 7LS, EV 96.2 MPH) Cesar Herrera to second
|
Batting: SHB Robert Handy
|
0-0: Foul Ball, location: 2F 0-1: Ball 1-1: Swinging Strike 1-2: Ball 2-2: Fielders Choice at 2nd, 6-4 (Groundball, 6, EV 107.5 MPH)
|
Top of the 3rd over - 0 runs, 2 hits, 0 errors, 2 left on base; Baltimore 0 - Houston 4 |
BOTTOM OF THE 3RD |
Houston Astros batting - Pitching for Baltimore Orioles : LHP Randy Johnson Jr.
|
Batting: RHB Eric Chotkowski
|
0-0: Foul Ball, location: 2F 0-1: Fly out, F9 (Flyball, 9S, EV 83.8 MPH)
|
Batting: LHB Eric Katz
|
0-0: Ball 1-0: Called Strike 1-1: Ball 2-1: Ball 3-1: SINGLE (Line Drive, 4D, EV 97.5 MPH)
|
Batting: LHB Jack Christie
|
0-0: Grounds into double play, 6-4-3 (Groundball, 6, EV 86.2 MPH)
|
Bottom of the 3rd over - 0 runs, 1 hit, 0 errors, 0 left on base; Baltimore 0 - Houston 4 |
TOP OF THE 4TH |
Baltimore Orioles batting - Pitching for Houston Astros : RHP Moises Hernandez Jr.
|
Batting: RHB Alex Rodriguez Jr.
|
0-0: Foul Ball, location: 2F 0-1: Called Strike 0-2: Foul Ball, location: 2F 0-2: Ball 1-2: Strikes out swinging
|
Batting: RHB Marc Peckermark
|
0-0: Ball 1-0: Foul Ball, location: 2F 1-1: Ball 2-1: Called Strike 2-2: Foul Ball, location: 2F 2-2: SINGLE (Line Drive, 89S, EV 98.8 MPH)
|
Batting: RHB Tenshou Takita
|
0-0: Ball 1-0: Ball 2-0: Called Strike 2-1: Foul Ball, location: 2F 2-2: Foul Ball, location: 2F 2-2: Strikes out swinging
|
Batting: RHB Muneer Maudad
|
0-0: Called Strike 0-1: Swinging Strike 0-2: Ball Wild Pitch! Marc Peckermark to second 1-2: Ball 2-2: Strikes out swinging
|
Top of the 4th over - 0 runs, 1 hit, 0 errors, 1 left on base; Baltimore 0 - Houston 4 |
BOTTOM OF THE 4TH |
Houston Astros batting - Pitching for Baltimore Orioles : LHP Randy Johnson Jr.
|
Batting: LHB Bryce Hill
|
0-0: Called Strike 0-1: Fly out, F9 (Line Drive, 9S, EV 91.2 MPH)
|
Batting: RHB Danny Merrill
|
0-0: Ball 1-0: Foul Ball, location: 2F 1-1: Swinging Strike 1-2: Strikes out looking
|
Batting: LHB Jimmy Edlin
|
0-0: Ball 1-0: Foul Ball, location: 2F 1-1: Called Strike 1-2: Ground out 4-3 (Groundball, 4, EV 88.8 MPH)
|
Bottom of the 4th over - 0 runs, 0 hits, 0 errors, 0 left on base; Baltimore 0 - Houston 4 |
TOP OF THE 5TH |
Baltimore Orioles batting - Pitching for Houston Astros : RHP Moises Hernandez Jr.
|
Batting: SHB Cesar Herrera
|
0-0: Ball 1-0: SINGLE (Groundball, 34S, EV 70.6 MPH) (infield hit)
|
Batting: LHB Brad Pepin
|
0-0: Called Strike Cesar Herrera steals 2nd base (no throw) 0-1: Ball 1-1: Swinging Strike 1-2: Strikes out swinging
|
Batting: SHB Jason Hayes
|
0-0: Called Strike 0-1: Ball 1-1: Foul Ball, location: 2F 1-2: Ball 2-2: Foul Ball, location: 2F 2-2: Foul Ball, location: 2F 2-2: SINGLE (Flyball, 34D, EV 89.4 MPH) Cesar Herrera to third
|
Batting: RHB Vince Jackson
|
0-0: Grounds into double play, 5-4-3 (Groundball, 5, EV 106.2 MPH)
|
Top of the 5th over - 0 runs, 2 hits, 0 errors, 1 left on base; Baltimore 0 - Houston 4 |
BOTTOM OF THE 5TH |
Houston Astros batting - Pitching for Baltimore Orioles : LHP Randy Johnson Jr.
|
Batting: RHB Jesse Scott
|
0-0: Ground out 6-3 (Groundball, 6, EV 101.9 MPH)
|
Batting: RHB Jeremy Trump
|
0-0: Foul Ball, location: 2F 0-1: Called Strike 0-2: Foul Ball, location: 2F 0-2: Ball 1-2: Foul Ball, location: 2F 1-2: Ground out 6-3 (Groundball, 6, EV 81.9 MPH)
|
Batting: SHB Jason Woods
|
0-0: Ball 1-0: Foul Ball, location: 2F 1-1: Foul Ball, location: 2F 1-2: Ball 2-2: Strikes out looking
|
Bottom of the 5th over - 0 runs, 0 hits, 0 errors, 0 left on base; Baltimore 0 - Houston 4 |
TOP OF THE 6TH |
Baltimore Orioles batting - Pitching for Houston Astros : RHP Moises Hernandez Jr.
|
Batting: SHB Robert Handy
|
0-0: Called Strike 0-1: Ball 1-1: Foul Ball, location: 2F 1-2: Ball 2-2: Ground out 6-3 (Groundball, 4, EV 79.4 MPH)
|
Batting: RHB Alex Rodriguez Jr.
|
0-0: Ball 1-0: Ball 2-0: Called Strike 2-1: Swinging Strike 2-2: Strikes out swinging
|
Batting: RHB Marc Peckermark
|
0-0: Foul Ball, location: 2F 0-1: Fly out, F9 (Flyball, 89M, EV 88.8 MPH)
|
Top of the 6th over - 0 runs, 0 hits, 0 errors, 0 left on base; Baltimore 0 - Houston 4 |
BOTTOM OF THE 6TH |
Houston Astros batting - Pitching for Baltimore Orioles : LHP Randy Johnson Jr.
|
Batting: RHB Eric Chotkowski
|
0-0: Called Strike 0-1: Ball 1-1: Ground out 1-3 (Groundball, 15S, EV 65.6 MPH)
|
Batting: LHB Eric Katz
|
0-0: Called Strike 0-1: Ground out 3-1 (Groundball, 34, EV 91.2 MPH)
|
Batting: LHB Jack Christie
|
0-0: Ball 1-0: Ball 2-0: Called Strike 2-1: Foul Ball, location: 2F 2-2: Ball 3-2: Foul Ball, location: 2F 3-2: Strikes out swinging
|
Bottom of the 6th over - 0 runs, 0 hits, 0 errors, 0 left on base; Baltimore 0 - Houston 4 |
TOP OF THE 7TH |
Baltimore Orioles batting - Pitching for Houston Astros : RHP Moises Hernandez Jr.
|
Batting: RHB Tenshou Takita
|
0-0: Called Strike 0-1: Ball 1-1: Called Strike 1-2: Foul Ball, location: 2F 1-2: Foul Ball, location: 2F 1-2: Foul Ball, location: 2F 1-2: Fly out, F8 (Flyball, 8RM, EV 90.0 MPH)
|
Pitching: RHP John Mathis
|
|
Batting: RHB Muneer Maudad
|
0-0: Swinging Strike 0-1: Called Strike 0-2: Strikes out swinging
|
Batting: SHB Cesar Herrera
|
0-0: Ball 1-0: Ball 2-0: Ball 3-0: Swinging Strike 3-1: Base on Balls
|
Batting: LHB Brad Pepin
|
0-0: Ball Cesar Herrera steals 2nd base (no throw) 1-0: Ball 2-0: Ball 3-0: Base on Balls
|
Batting: SHB Jason Hayes
|
0-0: Foul Ball, location: 2F 0-1: Ball 1-1: Foul Ball, location: 2F 1-2: Ball 2-2: Ball 3-2: Foul Ball, location: 2F 3-2: Foul Ball, location: 2F 3-2: Base on Balls Cesar Herrera to third Brad Pepin to second
|
Batting: RHB Vince Jackson
|
0-0: Ball 1-0: Ball 2-0: Called Strike 2-1: SINGLE (Flyball, 89S, EV 86.2 MPH) Cesar Herrera scores Brad Pepin to third Jason Hayes to second Runner from 3rd tries for Home, SAFE, throw by RF to home
|
Pitching: RHP Taek-gyun Kym
|
|
Batting: SHB Robert Handy
|
0-0: Called Strike 0-1: Ball 1-1: Ball 2-1: Ball 3-1: Foul Ball, location: 2F 3-2: Fly out, F8 (Line Drive, 78M, EV 100.0 MPH)
|
Top of the 7th over - 2 runs, 1 hit, 0 errors, 2 left on base; Baltimore 2 - Houston 4 |
BOTTOM OF THE 7TH |
Houston Astros batting - Pitching for Baltimore Orioles : LHP Randy Johnson Jr.
|
Batting: LHB Bryce Hill
|
0-0: Ball 1-0: Ball 2-0: Ground out 6-3 (Groundball, 6MS, EV 62.5 MPH)
|
Batting: RHB Danny Merrill
|
0-0: Foul Ball, location: 2F 0-1: Ball 1-1: Called Strike 1-2: Ground out U3 (Groundball, 3S, EV 87.5 MPH)
|
Batting: LHB Jimmy Edlin
|
0-0: Ball 1-0: Ball 2-0: Ball 3-0: Called Strike 3-1: SINGLE (Groundball, 56D, EV 98.1 MPH)
|
Pitching: RHP Bobby Marble
|
|
Batting: RHB Jesse Scott
|
0-0: Ball 1-0: Foul Ball, location: 2F 1-1: Ball 2-1: Fly out, F9 (Line Drive, 9S, EV 96.2 MPH)
|
Bottom of the 7th over - 0 runs, 1 hit, 0 errors, 1 left on base; Baltimore 2 - Houston 4 |
TOP OF THE 8TH |
Baltimore Orioles batting - Pitching for Houston Astros : RHP Taek-gyun Kym
|
Batting: RHB Alex Rodriguez Jr.
|
0-0: Called Strike 0-1: Swinging Strike 0-2: Ball 1-2: Foul Ball, location: 2F 1-2: Foul Ball, location: 2F 1-2: Strikes out looking
|
Batting: RHB Marc Peckermark
|
0-0: Called Strike 0-1: Ball 1-1: Ball 2-1: Ball 3-1: Foul Ball, location: 2F 3-2: Foul Ball, location: 2F 3-2: Foul Ball, location: 2F 3-2: Base on Balls
|
Batting: RHB Tenshou Takita
|
0-0: Called Strike 0-1: Ball 1-1: SINGLE (Groundball, 6M, EV 100.0 MPH) Marc Peckermark to second
|
Batting: RHB Muneer Maudad
|
0-0: Swinging Strike 0-1: Foul Ball, location: 2F 0-2: Ball 1-2: Ball 2-2: Strikes out swinging
|
Batting: SHB Cesar Herrera
|
0-0: Ball 1-0: Fielders Choice at 2nd, 6-4 (Groundball, 6, EV 108.1 MPH)
|
Top of the 8th over - 0 runs, 1 hit, 0 errors, 2 left on base; Baltimore 2 - Houston 4 |
BOTTOM OF THE 8TH |
Houston Astros batting - Pitching for Baltimore Orioles : RHP Bobby Marble
|
Batting: RHB Jeremy Trump
|
0-0: Called Strike 0-1: Called Strike 0-2: Ball 1-2: SINGLE (Line Drive, 8RS, EV 107.5 MPH)
|
Batting: SHB Jason Woods
|
0-0: Foul Ball, location: 2F 0-1: Called Strike 0-2: Foul Ball, location: 2F 0-2: Ball 1-2: Ball 2-2: Foul Ball, location: 2F 2-2: Ball 3-2: Foul Ball, location: 2F 3-2: Base on Balls Jeremy Trump to second
|
Batting: RHB Eric Chotkowski
|
0-0: Ball 1-0: Ball 2-0: Called Strike 2-1: Called Strike 2-2: SINGLE (Groundball, 34D, EV 95.6 MPH) Jeremy Trump to third Jason Woods to second Runner from 3rd tries for Home, SAFE, throw by RF to home
|
Batting: LHB Eric Katz
|
0-0: Ball 1-0: Swinging Strike 1-1: Ball 2-1: 3-RUN HOME RUN (Flyball, 9D, EV 97.5 MPH), Distance : 382 ft
|
Pitching: RHP Hector Aguado
|
|
Batting: LHB Jack Christie
|
0-0: Foul Ball, location: 2F 0-1: Ball 1-1: Ball 2-1: Ball 3-1: Base on Balls
|
Batting: LHB Bryce Hill
|
0-0: Fly out, F8 (Flyball, 8LD, EV 88.1 MPH)
|
Batting: RHB Danny Merrill
|
0-0: Called Strike 0-1: Ball 1-1: Fly out, F7 (Flyball, 7, EV 83.1 MPH)
|
Batting: LHB Jimmy Edlin
|
0-0: Ball 1-0: Swinging Strike 1-1: Fly out, F9 (Flyball, 89M, EV 85.6 MPH)
|
Bottom of the 8th over - 4 runs, 3 hits, 0 errors, 1 left on base; Baltimore 2 - Houston 8 |
TOP OF THE 9TH |
Baltimore Orioles batting - Pitching for Houston Astros : RHP Taek-gyun Kym
|
Batting: LHB Brad Pepin
|
0-0: Called Strike 0-1: Swinging Strike 0-2: Foul Ball, location: 2F 0-2: Ball 1-2: Ball 2-2: Ball 3-2: Base on Balls
|
Batting: SHB Jason Hayes
|
0-0: Called Strike 0-1: Foul Ball, location: 2F 0-2: Ball 1-2: Strikes out swinging
|
Pitching: RHP Mike Chisolm
|
|
Batting: RHB Vince Jackson
|
0-0: Called Strike 0-1: Ball 1-1: Swinging Strike 1-2: Ball 2-2: Ball 3-2: Strikes out swinging Brad Pepin steals 2nd base (no throw) Batter strikes out.
|
Batting: SHB Robert Handy
|
0-0: Ball 1-0: Ball 2-0: Called Strike 2-1: Swinging Strike 2-2: Hit by Pitch
|
Batting: RHB Alex Rodriguez Jr.
|
0-0: Foul Ball, location: 2F 0-1: SINGLE (Groundball, 56D, EV 105.6 MPH) Brad Pepin to third Robert Handy to second
|
Batting: RHB Marc Peckermark
|
0-0: Called Strike 0-1: Foul Ball, location: 2F 0-2: Ball 1-2: Foul Ball, location: 2F 1-2: DOUBLE (Line Drive, 9LM, EV 93.1 MPH) Brad Pepin scores Robert Handy scores Alex Rodriguez Jr. to third
|
Pitching: RHP Bill Dillard
|
|
Batting: RHB Tenshou Takita
|
0-0: Ball 1-0: Called Strike 1-1: Ball 2-1: Swinging Strike Passed Ball! Alex Rodriguez Jr. scores Marc Peckermark to third 2-2: Strikes out swinging
|
Top of the 9th over - 3 runs, 2 hits, 0 errors, 1 left on base; Baltimore 5 - Houston 8 |
|